Map: Dusk Towers

Players

Hedo

  • Race: Zerg Zerg
  • League: Diamond

FLORENCIO - Winner!

  • Race: Protoss Protoss
  • League: Master

VOD

Have the link to the VOD?

Description

Time

  • Played on: June 12, 2016, 3:12 p.m.
  • Length: 8:55
Show
View Real Time Build Order
Export as new Build Order

Hedo Zerg 

Build Orders: 3 Hatch before Pool 

Get SALT Encoding   

  12  0:01  Drone  
  13  0:12  Overlord  
  13  0:17  Drone  
  14  0:30  Drone x2  
  14  0:35  Drone  
  17  0:52  Hatchery  
  17  0:55  Drone  
  17  0:57  Drone  
  18  1:17  Hatchery  
  17  1:20  Drone  
  18  1:34  Spawning Pool  
  18  1:36  Drone  
  18  1:39  Drone  
  19  1:42  Drone  
  20  1:50  Drone  
  21  2:00  Drone  
  22  2:04  Drone  
  23  2:10  Overlord  
  23  2:15  Drone  
  24  2:20  Queen x2  
  28  2:23  Overlord  
  28  2:29  Drone  
  29  2:32  Queen  
  29  2:34  Drone  
  29  2:36  Zergling x2  
  33  2:42  Zergling x4  
  36  2:44  Drone  
  36  2:49  Extractor  
  36  2:51  Extractor, Drone x2  
  36  2:54  Drone  
  37  2:59  Drone  
  37  3:01  Drone  
  37  3:04  Drone  
  40  3:10  Zergling x2  
  41  3:13  Overlord  
  41  3:15  Overlord  
  41  3:20  Overlord  
  41  3:24  Drone  
  42  3:31  Drone x5  
  42  3:32  Drone x2  
  49  3:34  Drone  
  49  3:35  Drone  
  49  3:38  Metabolic Boost  
  51  3:44  Drone x2  
  51  3:46  Drone  
  51  3:48  Drone  
  55  3:55  Lair  
  55  3:57  Drone x2  
  55  3:58  Drone  
  55  4:00  Drone  
  59  4:06  Evolution Chamber  
  59  4:07  Evolution Chamber  
  59  4:08  Spore Crawler  
  56  4:11  Spore Crawler  
  56  4:15  Drone x2, Spore Crawler  
  56  4:18  Overlord  
  56  4:21  Overlord  
  56  4:23  Drone  
  56  4:24  Drone  
  58  4:25  Drone  
  58  4:27  Drone  
  58  4:29  Drone x2  
  63  4:31  Drone  
  63  4:32  Zergling x2  
  63  4:34  Zergling x2  
  65  4:43  Zergling x6  
  65  4:44  Zergling x2  
  69  4:46  Zerg Melee Weapons Level 1  
  69  4:47  Zerg Ground Armor Level 1  
  69  4:52  Extractor, Drone x2  
  71  4:53  Extractor, Drone x3  
  71  4:54  Drone  
  71  4:55  Drone  
  71  4:56  Drone  
  75  5:04  Overseer  
  75  5:10  Zergling x10  
  75  5:13  Zergling x4  
  82  5:20  Overlord x2  
  82  5:21  Overlord  
  82  5:33  Zergling x2, Spire  
  82  5:40  Zergling x4  
  82  5:41  Zergling x14  
  91  5:48  Hatchery  
  91  5:49  Zergling x10  
  89  6:00  Spore Crawler  
  89  6:01  Spore Crawler x2  
  89  6:02  Spore Crawler x2  
  89  6:03  Spore Crawler  
  75  6:05  Spore Crawler  
  75  6:06  Spore Crawler  
  75  6:07  Spore Crawler x2  
  75  6:08  Zergling x4  
  75  6:09  Spore Crawler x2  
  70  6:22  Drone  
  70  6:23  Drone x7  
  75  6:35  Zergling x6  
  73  6:52  Hatchery  
  72  6:56  Lair  
  72  6:58  Zergling x2  
  72  6:59  Zergling x10  
  78  7:08  Baneling Nest  
  70  7:25  Zergling x4  
  70  7:26  Zergling x14  
  70  7:27  Zergling x4  
  74  7:37  Baneling Nest  
  63  7:54  Zergling x2  
  63  7:55  Zergling x8  
  62  8:03  Zergling x2  
  62  8:06  Queen  
  62  8:12  Zergling x4  
  43  8:31  Zergling x12  
Show
View Real Time Build Order
Export as new Build Order

FLORENCIO Protoss - Winner!

Build Orders: Oracle Opening 

Get SALT Encoding   

  12  0:01  Probe (Chrono Boost)  
  13  0:12  Probe (Chrono Boost)  
  14  0:22  Probe (Chrono Boost)  
  14  0:23  Pylon  
  15  0:42  Probe (Chrono Boost)  
  16  0:45  Gateway  
  16  0:51  Assimilator  
  16  0:52  Probe (Chrono Boost)  
  17  1:01  Assimilator  
  17  1:03  Probe (Chrono Boost)  
  18  1:13  Probe (Chrono Boost)  
  19  1:24  Probe (Chrono Boost)  
  20  1:33  Cybernetics Core  
  20  1:34  Probe (Chrono Boost)  
  21  1:45  Probe (Chrono Boost), Pylon  
  22  1:55  Probe (Chrono Boost)  
  23  2:04  Nexus  
  23  2:12  Stalker  
  25  2:19  Probe (Chrono Boost)  
  28  2:30  Mothership Core (Chrono Boost)  
  28  2:33  Pylon  
  28  2:48  Probe (Chrono Boost)  
  29  2:56  Stargate  
  29  2:58  Stargate  
  29  3:16  Stargate  
  29  3:19  Probe x2 (Chrono Boost)  
  31  3:21  Assimilator  
  31  3:29  Probe (Chrono Boost)  
  31  3:33  Probe (Chrono Boost)  
  33  3:37  Assimilator  
  33  3:40  Probe (Chrono Boost)  
  34  3:43  Probe (Chrono Boost)  
  34  3:46  Oracle  
  38  3:59  Oracle  
  41  4:04  Probe x2 (Chrono Boost)  
  43  4:14  Probe (Chrono Boost)  
  43  4:15  Probe (Chrono Boost), Oracle  
  48  4:24  Pylon  
  48  4:25  Probe x2 (Chrono Boost)  
  48  4:27  Pylon  
  50  4:32  Oracle (Chrono Boost)  
  50  4:35  Probe (Chrono Boost)  
  57  4:45  Oracle (Chrono Boost)  
  57  4:50  Forge  
  57  4:55  Pylon  
  57  4:57  Oracle (Chrono Boost)  
  60  5:04  Probe  
  60  5:05  Probe  
  62  5:15  Probe  
  62  5:18  Probe  
  64  5:24  Photon Cannon  
  64  5:25  Probe  
  64  5:28  Photon Cannon  
  65  5:30  Probe  
  65  5:35  Photon Cannon  
  66  5:39  Photon Cannon  
  69  5:47  Oracle (Chrono Boost)  
  69  6:08  Oracle (Chrono Boost)  
  75  6:12  Oracle (Chrono Boost)  
  78  6:22  Oracle (Chrono Boost)  
  78  6:25  Photon Cannon  
  78  6:27  Photon Cannon  
  78  6:31  Photon Cannon  
  78  6:51  Pylon  
  78  7:05  Pylon  
  78  7:06  Pylon  
  78  7:10  Void Ray (Chrono Boost), Photon Cannon x2  
  86  7:16  Void Ray (Chrono Boost)  
  90  7:30  Void Ray (Chrono Boost)  
  90  7:33  Gateway  
  90  7:36  Pylon  
  84  7:47  Void Ray (Chrono Boost)  
  92  7:58  Void Ray (Chrono Boost)  
  92  8:09  Pylon  
  92  8:12  Void Ray (Chrono Boost), Pylon  
  96  8:15  Gateway  
  96  8:17  Photon Cannon  
Tags
 
Add a new tag
Caveats
  • Supply blocks, unpowered buildings, or Contaminate may cause inaccurate times.
  • Supply counts are checked every 10 seconds.